AoeStats
← Flailer

Arabia

503635060Analyzed
1v1 RM · 1mo ago on Sep 1, 2026· 32m 25s· 2 players
Game mode
Random Map
Map size
Tiny (2 player)
Population
200
Speed
Normal
Resources
Standard
Victory
Conquest
Starting age
Dark Age
Ending age
Imperial Age
RankedLock teamsTeams togetherTeam positionsShared explorationLock speedFull tech treeHidden civsTurbo modeCheats
Victory
Defeat
🇹🇷 Malay · Türkiye
1270
+17
🇮🇳 Mongols · India
1292
-17
Flailer
7:42 Loom
10:36 Feudal Age
10:51 Double-Bit Axe
11:08 Horse Collar
13:27 Gold Mining
16:36 Wheelbarrow
20:45 Castle Age
18:55 Fletching
19:14 Town Watch
20:03 Padded Archer Armor
20:24 Bodkin Arrow
19:52 Crossbowman
21:12 Bow Saw
21:52 Ballistics
21:56 Padded Archer Armor
25:34 Heavy Plow
27:19 Hand Cart
31:00 Imperial Age
29:50 Gold Shaft Mining
29:13 Stone Mining
30:25 Bracer
31:34 Chemistry
30:39 Arbalester
32:06 Leather Archer Armor
33:02 Thumb Ring
Iamak3186
5:49 Loom
7:59 Feudal Age
8:50 Double-Bit Axe
12:55 Horse Collar
19:16 Castle Age
18:41 Bloodlines
20:24 Bow Saw
20:54 Wheelbarrow
22:10 Padded Archer Armor
22:54 Scale Barding Armor
30:37 Chain Barding Armor
30:49 Heavy Plow
Connection lost

Rejoining the realm…

Still unreachable

The connection could not be restored.

Session expired

The server has moved on; the page needs a fresh start.